 Dungeon Crawl Stone Soup version 0.31-a0-691-g409c26aa35 (console) character file.

Game seed: 11615197701207229811

2115649 orblet the Merry Minotaur (level 26, 256/256 (266) HPs)
             Began as a Minotaur Hunter on Sept 5, 2023.
             Was the Champion of Lugonu.
             Escaped with the Orb
             ... and 4 runes on Sept 7, 2023!
             The game lasted 03:32:41 (81029 turns).

orblet the Merry Minotaur (Minotaur Hunter)        Turns: 81029, Time: 03:32:42

HP:   256/256 (266) AC: 28    Str: 19      XL:     26   Next: 47%
MP:   40/45         EV: 38    Int:  5 (6)  God:    Lugonu [******]
Gold: 4705          SH:  5    Dex: 26      Spells: 25/25 levels left

rFire   + . .        a - +8 orcbow {freeze, rElec Dex+3}
rCold   + + .        (shield currently unavailable)
rNeg    . . .        K - +5 moon troll leather armour {Spirit, Regen++ MP+5}
rPois   +            (helmet unavailable)
rElec   +            R - scarf {rC+ rF+}
rCorr   .            s - +2 pair of gloves
SInv    .            m - +2 pair of boots {Fly}
Will    +....        y - amulet of reflection
Stlth   +            r - ring of the Tortoise {AC+8}
HPRegen 2.22/turn    N - ring of the Locust {*Slow rPois rC+ MP+9 Slay+5}
MPRegen 0.29/turn

%: slow self (1%), reflection, guardian spirit
@: flying, studying 3 skills, lightly drained
A: horns 3, retaliatory headbutt, iridescent scales 1, deterioration 2, low MP
1, inability to drink after injury 1
0: Orb of Zot
}: 4/15 runes: decaying, silver, abyssal, gossamer
a: Renounce Religion, Depart the Abyss, Banish, Corrupt, Enter the Abyss, Brand
Weapon With Distortion


You escaped.
You worshipped Lugonu.
Lugonu was exalted by your worship.
You visited 11 branches of the dungeon, and saw 51 of its levels.
You visited the Abyss 2 times.
You also visited: Bailey and Ice Cave.

You collected 9452 gold pieces.
You spent 4747 gold pieces at shops.

Inventory:

Hand Weapons
 a - the +8 orcbow of Intimidation (weapon) {freeze, rElec Dex+3}
   (You bought it in a shop on level 2 of the Orcish Mines)

   Dex+3:     It affects your dexterity (+3).
   rElec:     It insulates you from electricity.
 b - a +5 heavy hand cannon
Missiles
 x - a throwing net
 F - 16 curare-tipped darts
Armour
 m - a +2 pair of boots of flying (worn)
 s - a +2 pair of gloves (worn)
 K - the +5 moon troll leather armour (worn) {Spirit, Regen++ MP+5}
   (You found it on level 3 of the Spider Nest)

   MP+5:      It affects your magic capacity (+5).
   Regen++:   It increases your rate of health regeneration.
 R - a scarf of resistance (worn)
 S - the +0 hat of Fipe {rElec rPois Int-2}
   (You found it on level 4 of the Spider Nest)

   Int-2:     It affects your intelligence (-2).
   rElec:     It insulates you from electricity.
   rPois:     It protects you from poison
 V - a +2 hat
Jewellery
 r - the ring of the Tortoise (left hand) {AC+8}
   (You bought it in a shop on level 1 of the Elven Halls)

   [ring of protection]

   AC+8:      It affects your AC (+8).
 t - a ring of see invisible
 y - an amulet of reflection (around neck)
 C - the ring "Dielieng" {rF+ rN+ Int+2}
   (You bought it in a shop on level 2 of the Elven Halls)

   [ring of protection from fire]

   Int+2:     It affects your intelligence (+2).
   rF+:       It protects you from fire.
   rN+:       It protects you from negative energy.
 D - a ring of flight
 N - the ring of the Locust (right hand) {*Slow rPois rC+ MP+9 Slay+5}
   (You found it on level 1 of the Vaults)

   [ring of magical power]

   Slay+5:    It affects your accuracy & damage with ranged weapons and melee
   (+5).
   rC+:       It protects you from cold.
   rPois:     It protects you from poison MP+9: It affects your magic capacity
   (+9).
   *Slow:     It may slow you when you take damage.
 Q - a ring of willpower
 X - the amulet of Aludaraky {Regen+ Int+5}
   (You found it on level 13 of the Dungeon)

   [amulet of regeneration]

   Int+5:     It affects your intelligence (+5).
   Regen+:    It increases your rate of health regeneration.
 Z - a ring of resist corrosion
Wands
 q - a wand of charming (47)
 B - a wand of polymorph (30)
 G - a wand of iceblast (44)
 P - a wand of digging (15)
 T - a wand of mindburst (9)
Scrolls
 d - 5 scrolls of revelation
 e - 12 scrolls of poison
 f - 7 scrolls of blinking
 g - 13 scrolls of fear
 k - 6 scrolls of enchant armour
 l - 3 scrolls of brand weapon
 o - 2 scrolls of amnesia
 u - 13 scrolls of vulnerability
 v - a scroll of summoning
 L - 2 scrolls of silence
 O - a scroll of fog
 W - 6 scrolls of teleportation
Potions
 i - 21 potions of curing
 n - a potion of magic
 p - 12 potions of might
 w - 14 potions of enlightenment
 z - a potion of resistance
 A - 4 potions of heal wounds
 H - 7 potions of cancellation
 I - a potion of haste
 M - a potion of invisibility
Miscellaneous
 c - a lightning rod (4/4)
 h - a phantom mirror
 j - a box of beasts
 U - a phial of floods


   Skills:
 O Level 27 Fighting
 O Level 27 Ranged Weapons
 + Level 21.6 Armour
 O Level 27 Dodging
 - Level 3.7 Stealth
 - Level 18.6 Invocations
 - Level 10.1 Evocations


You had 25 spell levels left.
You didn't know any spells.
Your spell library contained the following spells:

 Spells                   Type           Power      Damage    Failure   Level
 Apportation              Tloc           0%         N/A       50%         1
 Foxfire                  Conj/Fire      0%         2x1d4     50%         1
 Freeze                   Ice            0%         1d3       50%         1
 Magic Dart               Conj           0%         1d3       50%         1
 Necrotise                Necr           0%         1d4       50%         1
 Sandblast                Erth           0%         2d4       50%         1
 Shock                    Conj/Air       0%         1d3       50%         1
 Sting                    Tmut/Pois      0%         1d3       50%         1
 Summon Small Mammal      Summ           0%         N/A       50%         1
 Cigotuvi's Dreadful Rot  Necr/Pois/Air  0%         N/A       65%         2
 Ensorcelled Hibernation  Hex/Ice        0%         N/A       65%         2
 Lesser Beckoning         Tloc           0%         N/A       65%         2
 Passwall                 Tmut/Erth      0%         N/A       65%         2
 Poisonous Vapours        Pois/Air       0%         N/A       65%         2
 Scorch                   Fire           0%         2d5       65%         2
 Searing Ray              Conj           0%         2d4       65%         2
 Static Discharge         Conj/Air       0%         2-2/arc   65%         2
 Sublimation of Blood     Necr           0%         N/A       65%         2
 Wereblood                Tmut           0%         N/A       65%         2
 Call Canine Familiar     Summ           0%         N/A       86%         3
 Dazzling Flash           Conj/Hex       0%         N/A       86%         3
 Frozen Ramparts          Ice            0%         1d1       86%         3
 Gell's Gravitas          Tloc           0%         N/A       86%         3
 Hailstorm                Conj/Ice       0%         3d3       86%         3
 Ignite Poison            Fire/Tmut/Pois 0%         N/A       86%         3
 Ozocubu's Armour         Ice            0%         N/A       86%         3
 Portal Projectile        Hex/Tloc       0%         N/A       86%         3
 Stone Arrow              Conj/Erth      0%         3d7       86%         3
 Summon Guardian Golem    Hex/Summ       0%         N/A       86%         3
 Swiftness                Air            0%         N/A       86%         3
 Vampiric Draining        Necr           0%         2d6       86%         3
 Volatile Blastmotes      Fire/Tloc      0%         2d10      86%         3
 Airstrike                Air            0%         2d(0-16)  99%         4
 Animate Armour           Summ/Erth      0%         N/A       99%         4
 Cause Fear               Hex            0%         N/A       99%         4
 Dispel Undead            Necr           0%         3d6       99%         4
 Flame Wave               Conj/Fire      0%         2d4       99%         4
 Fulminant Prism          Conj/Hex       0%         3d5       99%         4
 Iskenderun's Mystic Bla  Conj/Tloc      0%         2d3       99%         4
 Leda's Liquefaction      Hex/Erth       0%         N/A       99%         4
 Manifold Assault         Tloc           0%         N/A       99%         4
 Olgreb's Toxic Radiance  Pois           0%         N/A       99%         4
 Passage of Golubria      Tloc           0%         N/A       99%         4
 Petrify                  Tmut/Erth      0%         N/A       99%         4
 Summon Ice Beast         Ice/Summ       0%         N/A       99%         4
 Summon Lightning Spire   Summ/Air       0%         N/A       99%         4
 Agony                    Necr           0%         N/A       100%        5
 Alistair's Intoxication  Tmut/Pois      0%         N/A       100%        5
 Fireball                 Conj/Fire      0%         3d3       100%        5
 Freezing Cloud           Conj/Ice/Air   0%         6-21      100%        5
 Irradiate                Conj/Tmut      0%         3d11      100%        5
 Iskenderun's Battlesphe  Conj           0%         2d6       100%        5
 Lee's Rapid Deconstruct  Erth           0%         3d4*      100%        5
 Metabolic Englaciation   Hex/Ice        0%         N/A       100%        5
 Silence                  Hex/Air        0%         N/A       100%        5
 Summon Forest            Summ/Tloc      0%         N/A       100%        5
 Summon Mana Viper        Hex/Summ       0%         N/A       100%        5
 Conjure Ball Lightning   Conj/Air       0%         3x3d6     100%        6
 Death Channel            Necr           0%         N/A       100%        6
 Dispersal                Tloc           0%         N/A       100%        6
 Eringya's Noxious Bog    Tmut/Pois      0%         4d6       100%        6
 Plasma Beam              Fire/Air       0%         2x1d10    100%        6
 Simulacrum               Ice/Necr       0%         N/A       100%        6
 Starburst                Conj/Fire      0%         6d3       100%        6
 Summon Cactus Giant      Summ           0%         N/A       100%        6
 Haunt                    Necr/Summ      0%         N/A       100%        7
 Malign Gateway           Summ/Tloc      0%         N/A       100%        7
 Monstrous Menagerie      Summ           0%         N/A       100%        7
 Orb of Destruction       Conj           0%         9d5       100%        7
 Ozocubu's Refrigeration  Ice            0%         4d7       100%        7
 Spellforged Servitor     Conj/Summ      0%         N/A       100%        7
 Summon Hydra             Summ           0%         N/A       100%        7
 Borgnjor's Revivificati  Necr           0%         N/A       100%        8
 Disjunction              Tloc           0%         N/A       100%        8
 Lehudib's Crystal Spear  Conj/Erth      0%         10d2      100%        8
 Maxwell's Capacitive Co  Air            0%         ∞         100%        8
 Summon Horrible Things   Summ           0%         N/A       100%        8
 Chain Lightning          Conj/Air       0%         N/A       100%        9
 Death's Door             Necr           0%         N/A       100%        9
 Dragon's Call            Summ           0%         N/A       100%        9
 Fire Storm               Conj/Fire      0%         5d1       100%        9
 Shatter                  Erth           0%         3d5*      100%        9


Dungeon Overview and Level Annotations

Branches:
Dungeon (15/15)            Temple (1/1) D:6            Lair (5/5) D:11
  Swamp (4/4) Lair:3       Spider (4/4) Lair:3        Slime (0/5) Lair:5
    Orc (2/2) D:11            Elf (3/3) Orc:2        Vaults (5/5) D:14
  Crypt (3/3) Vaults:2       Tomb (0/3) Crypt:3      Depths (4/4) D:15
    Zot (5/5) Depths:4     Bailey (visited)           IceCv (visited)

Altars:
Ashenzari
Cheibriados
Dithmenos
Elyvilon
Fedhas
Gozag
Hepliaklqana
Kikubaaqudgha
Makhleb
Nemelex Xobeh
Okawaru
Qazlal
Ru
Sif Muna
Trog
Uskayaw
Vehumet
Wu Jian
Xom
Yredelemnul
Zin
The Shining One
Ignis
Jiyva

Shops:
Orc:2 [(([   Elf:1 ?(((*   Elf:2 =   Vaults:2 [   Vaults:4 [   Depths:4 [

Portals:
Hell: Depths:1 Depths:2 Depths:3 Depths:4
Abyss: D:4 Depths:2 Depths:3
Pandemonium: Depths:2
Ziggurat: Depths:3
Trove: Depths:4 (give 6 scrolls of fog)

Annotations:
Elf:2 5 runed translucent doors
Vaults:5 corrupted
Crypt:1 Vv
Depths:4 3 runed translucent doors, Zonakeul's ghost, adept HOMo
Zot:1 4 transporters
Zot:2 3 runed translucent doors, Jiorhin's ghost, legendary TrBe
Zot:3 4 transporters
Zot:4 2 transporters
Zot:5 corrupted


Innate Abilities, Weirdness & Mutations

You have a pair of large horns on your head.
You reflexively headbutt those who attack you in melee.
You are partially covered in iridescent scales. (AC +2)
Your body often deteriorates upon taking damage.
Your magical capacity is low. (-10% MP)
You occasionally lose the ability to drink potions when taking damage.


Message History

You're wearing all the rings you can.
Remove which one? (? for menu, Esc to cancel) < or
r - the ring of the Tortoise {AC+8} > or
N - the ring of the Locust {*Slow rPois rC+ MP+9 Slay+5} You remove the ring of the Tortoise {AC+8}.
Something hits you!!
You feel your power leaking away.
You feel drained.
Deactivating autopickup; reactivate with Ctrl-A.
Reactivating autopickup.
t - a ring of see invisible (left hand)
A lorocyproca comes into view.
You shoot an arrow. The arrow hits the lorocyproca!
The arrow freezes the lorocyproca.
The lorocyproca is almost dead.
You block the lorocyproca's attack.
You shoot an arrow. The arrow hits the lorocyproca!
The arrow freezes the lorocyproca.
The lorocyproca is almost dead.
You block the lorocyproca's attack.
You shoot an arrow. The arrow hits the lorocyproca!
You kill the lorocyproca!
Lugonu accepts your kill.
No target in view!
No target in view!
You're wearing all the rings you can.
Remove which one? (? for menu, Esc to cancel) < or
t - a ring of see invisible > or
N - the ring of the Locust {*Slow rPois rC+ MP+9 Slay+5} You remove your ring of see invisible.
r - the ring of the Tortoise (left hand) {AC+8}
(D) Dungeon (T) Temple (L) Lair (S) Swamp (N) Spider Nest (M) Slime Pits (O) Orcish Mines (E) Elven Halls (V) Vaults (C) Crypt (W) Tomb (U) Depths (H) Hell (Z) Zot
Where to? (Tab/Enter - D:1 @ (x,y), ? - help) HP restored.
There is an open door here.
There is a staircase leading out of the dungeon here.
You have escaped!

.†.###### #...#≈.~#≈§≈##.#
###### ...######
#...#≈.~#§≈.##.# ........#
#...#~.~#≈..##.# #.......#
#...#...#...##.# ##.....)#
#...........##.# #......#
#...........##.# ##......#
#...........##.# .)......#
#...........##.# ........#
#.....@.....##.#
........###...........##.#
##......'.##############.#
#......#.........#....#.#
#......####.##...#.##.#.#
######## #.##......#.#.#
#.#.......#.#.#
###.####....)...#
#...#....##..##.#


There were no monsters in sight!

Vanquished Creatures
  A dread lich (Vaults:5)
  An ancient lich (Vaults:5)
  Khufu (Crypt:3)
  2 orbs of fire
  A juggernaut (Depths:3)
  Boris (Crypt:1)
  Josephina (Crypt:3)
  Sojobo (Crypt:2)
  Frederick (Crypt:3)
  3 curse toes
  Xtahua (Crypt:1)
  A profane servitor (Crypt:3)
  Nikola (Spider:3)
  Norris (Depths:3)
  8 golden dragons
  A Brimstone Fiend (Depths:4)
  3 bone dragons
  5 electric golems
  A hellephant (Depths:4)
  A pandemonium lord (Depths:4)
  Jorgrun (Orc:1)
  A walking earthen tome (Depths:3)
  A Hell Sentinel (Depths:4)
  27 tentacled monstrosities
  A lich (Crypt:3)
  5 titans
  7 Orb Guardians
  Asterion (Vaults:1)
  2 deep elf master archers (Elf:3)
  3 sphinxes
  4 ancient champions
  A tentacled starspawn (Abyss:3)
  3 deep elf blademasters (Elf:3)
  Agnes (D:15)
  An Executioner (Zot:2)
  6 death cobs
  12 tengu reavers
  5 quicksilver dragons
  A draconian monk (Zot:4)
  14 storm dragons
  Donald (Spider:4)
  13 shadow dragons
  4 draconian knights
  Kirke (Swamp:2)
  3 revenants
  Aizul (Vaults:1)
  2 thorn hunters
  5 frost giants
  A daeva (Abyss:3)
  Roxanne (Elf:3)
  2 demonspawn warmongers (D:11)
  15 fire giants
  8 emperor scorpions (Spider:4)
  6 ghost moths
  4 deep elf elementalists (Elf:3)
  A balrug (Depths:4)
  2 draconian scorchers
  11 deep elf sorcerers
  6 ghouls
  12 vault wardens
  The ghost of Dirtsage the Severer, a journeyman DsBe of Trog (Swamp:1)
  4 iron dragons
  26 ironbound preservers
  Louise (Spider:3)
  5 draconian stormcallers
  3 war gargoyles
  7 orc warlords
  5 draconian shifters
  4 draconian annihilators
  25 stone giants
  A cacodemon (Depths:4)
  The ghost of MrCrawl the Warrior, a journeyman MiBe of Trog (D:14)
  2 reapers
  15 very ugly things
  2 broodmothers
  A formless jellyfish (Vaults:3)
  2 eleionomae (Swamp:3)
  A demonspawn corrupter (Depths:3)
  7 vampire knights
  3 deep elf demonologists
  An ophan (Abyss:3)
  8 black draconians
  A caustic shrike skeleton (Crypt:3)
  A demonspawn blood saint (Depths:3)
  9 red draconians
  3 ironbound thunderhulks
  7 spark wasps
  A demonspawn black sun (D:1)
  7 white draconians
  A lorocyproca (D:1)
  13 green draconians
  6 yellow draconians
  A bunyip (Swamp:2)
  6 deep elf annihilators (Elf:3)
  11 starcursed masses (Abyss:3)
  12 purple draconians
  27 dire elephants
  12 deep elf death magi
  4 eidola
  5 blizzard demons
  A crystal guardian (Vaults:2)
  A green death (Depths:4)
  19 jiangshi
  A merfolk impaler (Depths:4)
  9 ettins
  7 fire dragons
  2 mummy priests (Crypt:3)
  13 yaktaur captains
  14 ice dragons
  5 great orbs of eyes
  6 deep elf high priests
  4 rakshasas
  A spriggan zombie (Crypt:1)
  23 hydras
  A merfolk avatar (Lair:5)
  7 entropy weavers
  A caustic shrike simulacrum (Crypt:1)
  3 spriggan air magi
  A hell beast (Depths:4)
  The ghost of inmateoo the Fighter, a novice OgGl of Cheibriados (D:9)
  2 peacekeepers
  37 vault guards
  A jorogumo (Spider:4)
  7 ironbound frosthearts
  A ghost crab (Swamp:4)
  2 radroaches
  4 two-headed ogres
  4 alligators
  A two-headed ogre (shapeshifter) (Vaults:5)
  4 boulder beetles
  A death yak (shapeshifter) (Vaults:1)
  6 death knights
  15 dancing weapons
  6 centaur warriors
  An Orb Guardian skeleton (Crypt:2)
  8 deep troll shamans
  6 tengu warriors
  11 death yaks (Lair:5)
  5 spriggan berserkers
  7 hell hogs
  4 vampire magi
  10 demonic crawlers
  7 deep troll earth magi
  4 thrashing horrors (Abyss:3)
  An orc high priest (Orc:2)
  5 sun demons
  13 hell knights
  Urug (D:14)
  A soul eater (Crypt:1)
  8 iron trolls
  9 deep elf knights
  A bunyip zombie (Crypt:1)
  3 wretched stars (Abyss:3)
  Lodul (D:14)
  6 shadow wraiths
  7 skysharks
  The ghost of Tenar the Trooper, a novice DsRe of Gozag (D:7)
  A cherub (Zot:2)
  6 pharaoh ants
  20 skeletal warriors
  2 sun moths
  8 goliath frogs
  3 spriggan druids
  75 deep trolls
  7 glowing orange brains
  2 spriggan simulacra (Crypt:3)
  17 deep elf archers
  15 orb spiders
  9 swamp dragons
  26 orc knights
  7 bog bodies
  5 flayed ghosts
  9 lindwurms
  2 orange crystal statues (Abyss:3)
  27 deep elf zephyrmancers
  5 phantasmal warriors
  11 wizards
  Pikel (D:4)
  18 ironbound convokers
  4 harpies
  47 deep elf pyromancers
  9 necromancers
  3 orc sorcerers
  24 wolf spiders
  A shining eye (shapeshifter) (Vaults:4)
  43 ugly things
  6 steelbarb worms
  3 manticores
  3 will-o-the-wisps
  A wolf spider zombie (D:12)
  7 cyclopes
  A salamander (shapeshifter) (D:15)
  9 elephants
  A shadow dragon skeleton (Crypt:3)
  3 centaur zombies
  A moth of wrath (shapeshifter) (Vaults:5)
  23 moths of wrath
  6 black mambas
  2 black mambas (shapeshifter)
  An iron dragon skeleton (Crypt:2)
  A naga mage (D:15)
  An elf zombie (Vaults:3)
  13 vault sentinels
  3 gargoyles (D:12)
  5 smoke demons
  An eye of devastation (shapeshifter) (Vaults:1)
  2 ice statues (IceCv)
  3 orange demons
  3 centaur skeletons
  A water nymph (shapeshifter) (Depths:3)
  A toenail golem (D:4)
  11 torpor snails
  Maggie (Lair:2)
  14 cane toads
  15 komodo dragons
  2 elf skeletons
  5 freezing wraiths
  The ghost of Takeo the Insei, a novice DsSh of Gozag (D:4)
  An efreet (D:15)
  25 yaktaurs
  An anaconda simulacrum (IceCv)
  A yaktaur skeleton (Vaults:1)
  2 kobold demonologists
  5 rime drakes
  A yaktaur (shapeshifter) (Depths:2)
  A tormentor (Depths:4)
  3 ice devils (IceCv)
  5 tengu conjurers
  8 guardian mummies
  A merfolk (shapeshifter) (Depths:1)
  9 trolls
  A meliai (shapeshifter) (Vaults:5)
  2 bloated husks (Swamp:1)
  A queen bee (D:9)
  9 meliai
  17 tarantellas
  3 hornets
  8 tyrant leeches
  Grinder (D:4)
  4 hellwings
  3 polar bears
  A deep troll zombie (Vaults:1)
  A harpy skeleton (D:15)
  6 blink frogs
  20 slime creatures
  9 large abominations
  6 dream sheep (Lair:5)
  A slime creature (shapeshifter) (Vaults:1)
  An ice dragon skeleton (Crypt:2)
  2 snapping turtles (Lair:5)
  49 flying skulls
  32 jumping spiders
  3 wyverns
  8 water elementals
  4 air elementals
  8 shadows
  A centaur simulacrum (Crypt:3)
  An ettin skeleton (Crypt:1)
  A dire elephant simulacrum (Crypt:3)
  2 ynoxinuls (Abyss:3)
  4 spriggans
  A vampire (D:12)
  26 culicivoras
  7 wraiths
  4 fire elementals
  8 small abominations
  A human (shapeshifter) (D:13)
  84 yaks
  17 humans
  5 basilisks
  3 hogs (Swamp:3)
  3 steam dragons
  2 golden eyes
  4 neqoxecs
  2 chaos spawn
  69 redbacks
  6 wargs
  A naga (Lair:1)
  A harpy simulacrum (IceCv)
  18 swamp worms
  2 acid dragons
  Duvessa (D:6)
  A fire bat skeleton (Crypt:1)
  17 water moccasins
  A floating eye (shapeshifter) (Abyss:3)
  A hydra simulacrum (IceCv)
  A floating eye (Depths:4)
  3 black bears
  34 orc warriors
  A manticore zombie (Crypt:1)
  6 ogres
  3 swamp drakes
  5 wolves
  4 boggarts (D:15)
  A wolf (shapeshifter) (Elf:3)
  6 centaurs
  A lindwurm skeleton (Crypt:2)
  4 lemures
  7 kobold brigands
  A rime drake skeleton (Crypt:1)
  A yaktaur zombie (Crypt:2)
  11 bullfrogs
  2 earth elementals
  6 necrophages
  A gnoll sergeant (Orc:1)
  2 glowing shapeshifter simulacra (Vaults:3)
  5 scorpions
  4 naga simulacra
  A two-headed ogre simulacrum (IceCv)
  24 wights
  A warg zombie (Crypt:1)
  8 killer bees (D:9)
  2 elephant simulacra (IceCv)
  2 howler monkeys
  6 electric eels
  A vampire bat (D:12)
  A crimson imp (Abyss:2)
  A quasit (D:4)
  A wolf skeleton (Crypt:2)
  7 hounds
  An iron imp (Abyss:3)
  Crazy Yiuf (D:2)
  A bullfrog zombie (D:7)
  5 iguanas
  10 jellies (Lair:5)
  18 orc priests
  2 sleepcaps (D:6)
  Ijyb (D:3)
  31 orc wizards
  Natasha (D:2)
  A boggart skeleton (Crypt:2)
  2 wolf simulacra (IceCv)
  A howler monkey skeleton (Crypt:1)
  A howler monkey zombie (D:7)
  17 gnolls
  A swamp drake zombie (Crypt:1)
  7 adders
  2 shadow imps
  6 white imps
  2 ufetubi
  3 worms
  4 dart slugs
  An adder simulacrum (D:2)
  102 orcs
  6 ball pythons
  15 bats
  A bat skeleton (D:2)
  10 endoplasms
  6 giant cockroaches
  10 goblins
  18 hobgoblins
  14 jackals
  23 kobolds
  4 quokkas
  A ball python skeleton (D:2)
  An endoplasm zombie (Crypt:2)
  6 frilled lizards
  A jackal skeleton (D:2)
  2 quokka zombies (D:2)
  9 rats
  A starspawn tentacle (Abyss:3)
2442 creatures vanquished.

Vanquished Creatures (collateral kills)
  An orc knight (Bailey)
  A yak (Lair:5)
  A warg (Orc:2)
  An orc warrior (Bailey)
  A gnoll sergeant (D:5)
  A wight (D:6)
  Dowan (D:6)
  An orc wizard (Orc:2)
  A gnoll (Bailey)
  5 orcs
14 creatures vanquished.

Vanquished Creatures (others)
  An ancient lich (Zot:5)
  5 Orb Guardians (Zot:5)
  3 quicksilver dragons
  3 sphinxes (Vaults:5)
  A thorn hunter (Swamp:4)
  2 tengu reavers (Vaults:5)
  A fire giant (Vaults:5)
  A draconian shifter (Zot:4)
  3 very ugly things (Vaults:5)
  2 deep elf death magi (Vaults:5)
  5 ettins (Vaults:5)
  A yaktaur captain (Vaults:5)
  3 vault guards (Vaults:5)
  An ogre mage (Vaults:5)
  An ironbound frostheart (Vaults:5)
  A deep elf knight (Elf:3)
  2 deep trolls (Vaults:5)
  An ironbound convoker (Vaults:5)
  A moth of wrath (Zot:5)
  A vault sentinel (Vaults:5)
  A hornet (Lair:5)
  A flying skull (Crypt:3)
  A spriggan (Swamp:2)
  A killer bee (D:9)
  An orc wizard (D:10)
  6 starspawn tentacles
50 creatures vanquished.

Grand Total: 2506 creatures vanquished

Notes
Turn   | Place    | Note
-------+----------+-------------------------------------------
     0 | D:1      | orblet the Minotaur Hunter began the quest for the Orb.
     0 | D:1      | Reached XP level 1. HP: 18/18 MP: 0/0
    50 | D:1      | Reached XP level 2. HP: 25/25 MP: 1/1
    62 | D:1      | Reached skill level 5 in Ranged Weapons
   327 | D:1      | Reached XP level 3. HP: 30/30 MP: 2/2
   664 | D:2      | Reached skill level 1 in Armour
   740 | D:2      | You fall into a shaft and drop 2 floors!
   747 | D:4      | Noticed a scorpion
   787 | D:4      | Noticed Grinder
   818 | D:3      | Noticed Ijyb
   903 | D:3      | Killed Ijyb
   904 | D:3      | Reached XP level 4. HP: 36/37 MP: 3/3
  1046 | D:2      | Found a runed translucent door.
  1047 | D:2      | Noticed Crazy Yiuf
  1307 | D:2      | Noticed Natasha
  1334 | D:2      | Killed Natasha
  1335 | D:2      | Reached XP level 5. HP: 17/42 MP: 4/4
  1458 | D:2      | Identified the +3 dagger "Gets" {pain, Contam Fly rN+}
  1965 | D:3      | Identified the +1 dagger of the Mushroom {freeze, rC- Dex+3
                  | Stlth+}
  2667 | D:4      | Killed Grinder
  2668 | D:4      | Reached XP level 6. HP: 42/50 MP: 5/5
  2907 | D:4      | Noticed Pikel
  3425 | D:4      | Found a transporter.
  3469 | D:4      | Found a one-way gate to the infinite horrors of the Abyss.
  3469 | D:4      | Noticed Takeo's ghost (novice DsSh)
  3692 | D:4      | Reached XP level 7. HP: 56/56 MP: 6/6
  3768 | D:4      | Found a transporter.
  3889 | D:4      | Killed Pikel
  3890 | D:4      | Reached skill level 10 in Ranged Weapons
  4040 | D:5      | Entered Level 5 of the Dungeon
  4058 | D:5      | Reached XP level 8. HP: 62/62 MP: 7/7
  4387 | D:5      | Found a white marble altar of Elyvilon.
  5124 | D:6      | Noticed Duvessa
  5124 | D:6      | Noticed Dowan
  5160 | D:6      | Killed Dowan
  5163 | D:6      | Killed Duvessa
  5164 | D:6      | Reached skill level 5 in Fighting
  5843 | D:6      | Reached XP level 9. HP: 64/74 MP: 8/8
  6111 | D:6      | Reached skill level 5 in Dodging
  6367 | D:6      | Found a staircase to the Ecumenical Temple.
  6380 | Temple   | Entered the Ecumenical Temple
  6429 | Temple   | Became a worshipper of Dithmenos the Shadowed
  6528 | D:6      | Found a bloodstained altar of Trog.
  6610 | D:7      | Found a burning altar of Makhleb.
  6696 | D:7      | Found a flagged portal.
  6709 | Bailey   | Entered a bailey
  6989 | Bailey   | Reached * piety under Dithmenos
  7263 | Bailey   | Noticed an orc knight
  7280 | Bailey   | Killed an orc knight
  7381 | Bailey   | Noticed an orc warlord
  7391 | Bailey   | Noticed an orc knight
  7400 | Bailey   | Killed an orc knight
  7431 | Bailey   | Killed an orc warlord
  7432 | Bailey   | Reached XP level 10. HP: 34/81 MP: 9/9
  7630 | Bailey   | Reached skill level 15 in Ranged Weapons
  7630 | Bailey   | Reached XP level 11. HP: 88/88 MP: 10/10
  7687 | D:7      | Reached ** piety under Dithmenos
  7935 | D:7      | Found a sacrificial altar of Ru.
  8201 | D:7      | Found a runed translucent gate.
  8201 | D:7      | Found a runed translucent gate.
  8201 | D:7      | Found a runed translucent gate.
  8201 | D:7      | Noticed Tenar's ghost (novice DsRe)
  8203 | D:7      | Found a basalt altar of Yredelemnul.
  8947 | D:8      | Found an ornate altar of the Wu Jian Council.
  9254 | D:9      | Found a broken altar of Ashenzari.
  9266 | D:9      | Found a hide-covered altar of Uskayaw.
  9269 | D:9      | Noticed a +0 hand axe
  9270 | D:9      | Noticed a +0 dagger
  9379 | D:9      | Reached *** piety under Dithmenos
  9452 | D:9      | Noticed a two-headed ogre
  9470 | D:9      | Killed a two-headed ogre
  9471 | D:9      | Reached skill level 10 in Armour
  9828 | D:9      | Found a runed translucent door.
 10392 | D:9      | Noticed inmateoo's ghost (novice OgGl)
 10411 | D:10     | Entered Level 10 of the Dungeon
 10732 | D:10     | Reached skill level 1 in Stealth
 10762 | D:10     | Reached **** piety under Dithmenos
 11182 | D:10     | Found a shimmering blue altar of Sif Muna.
 11379 | D:10     | Found a hazy altar of Hepliaklqana.
 11471 | D:11     | Reached XP level 12. HP: 103/103 MP: 11/11
 11867 | D:11     | Found a staircase to the Lair.
 11876 | D:11     | Identified the +1 ring mail of a wizard's laboratory {rF++
                  | rN+ Dex+3 Slay-6}
 11904 | D:11     | Reached skill level 1 in Invocations
 11962 | D:11     | Noticed Erolcha
 11968 | Abyss:2  | Cast into level 2 of the Abyss (Erolcha)
 11999 | Abyss:2  | Noticed a red draconian
 12015 | Abyss:2  | Found a corrupted altar of Lugonu.
 12211 | Abyss:2  | Found a corrupted altar of Lugonu.
 12216 | Abyss:2  | Found a corrupted altar of Lugonu.
 12220 | Abyss:2  | Fell from the grace of Dithmenos
 12220 | Abyss:2  | Became a worshipper of Lugonu the Unformed
 12220 | Abyss:2  | Reached * piety under Lugonu
 12220 | Abyss:2  | Reached ** piety under Lugonu
 12221 | D:11     | Escaped the Abyss
 12245 | D:11     | Erolcha changed into Erolcha the human
 12245 | D:11     | Noticed Erolcha
 12255 | D:11     | Killed Erolcha the human
 12611 | D:11     | Found a staircase to the Orcish Mines.
 12759 | Lair:1   | Entered Level 1 of the Lair of Beasts
 12911 | Lair:1   | Noticed Sonja
 12916 | Lair:1   | Sonja changed into Sonja the naga
 12916 | Lair:1   | Noticed Sonja
 12921 | Lair:1   | Killed Sonja the naga
 13196 | Lair:2   | Found a frozen archway.
 13267 | IceCv    | Entered an ice cave
 13428 | IceCv    | Reached skill level 5 in Invocations
 14305 | IceCv    | Noticed a centaur warrior
 14338 | IceCv    | Noticed a Tzitzimitl
 14386 | IceCv    | Reached skill level 10 in Dodging
 14478 | Lair:2   | Noticed Amaemon
 14481 | Lair:2   | Amaemon changed into Amaemon the golden eye
 14481 | Lair:2   | Noticed Amaemon
 14483 | Lair:2   | Killed Amaemon the golden eye
 14661 | Lair:2   | Noticed Maggie
 14669 | Lair:2   | Killed Maggie
 15321 | Lair:1   | Was forgiven by Dithmenos
 15556 | Lair:2   | Reached XP level 13. HP: 113/113 MP: 15/17
 15594 | Lair:1   | Reached *** piety under Lugonu
 15821 | Lair:1   | You fall into a shaft and drop 1 floor!
 17394 | Lair:3   | Reached **** piety under Lugonu
 17792 | Lair:3   | Found a hole to the Spider Nest.
 17918 | Lair:3   | Found a staircase to the Swamp.
 19034 | Lair:4   | Reached skill level 10 in Fighting
 19364 | Lair:5   | Entered Level 5 of the Lair of Beasts
 19430 | Lair:5   | Found a viscous altar of Jiyva.
 19430 | Lair:5   | Found a staircase to the Slime Pits.
 19534 | Lair:5   | Reached skill level 10 in Invocations
 19802 | Lair:5   | Reached ***** piety under Lugonu
 19811 | Lair:5   | Reached XP level 14. HP: 43/124 MP: 20/20
 20747 | Lair:5   | Identified the +7 chain mail of the Kodama {Str+4 Slay+3}
 22380 | Orc:1    | Entered Level 1 of the Orcish Mines
 22405 | Orc:1    | Noticed Jorgrun
 22417 | Orc:1    | Killed Jorgrun
 22632 | Orc:1    | Reached ****** piety under Lugonu
 23103 | Orc:2    | Entered Level 2 of the Orcish Mines
 23216 | Orc:2    | Found a staircase to the Elven Halls.
 24174 | Orc:2    | Found Luskynoo's Antique Weapon Emporium.
 24204 | Orc:2    | Noticed an orc warlord
 24346 | Orc:2    | Killed an orc warlord
 24433 | Orc:2    | Found Merruy's Antique Armour Boutique.
 24435 | Orc:2    | Found Axa Kerchur's Antique Weapon Shop.
 24442 | Orc:2    | Bought an iridescent orcbow for 221 gold pieces
 24442 | Orc:2    | Identified the +8 orcbow of Intimidation {freeze, rElec
                  | Dex+3} (You bought it in a shop on level 2 of the Orcish
                  | Mines)
 24451 | Orc:2    | Bought a runed cloak for 202 gold pieces
 24451 | Orc:2    | Bought a runed hat for 189 gold pieces
 24494 | Orc:2    | Reached XP level 15. HP: 129/129 MP: 22/22
 24497 | Orc:2    | Found Zagips Megob's Armour Shoppe.
 25732 | D:12     | Reached skill level 15 in Armour
 26297 | D:13     | Identified the amulet of Aludaraky {Regen+ Int+5}
 26879 | D:14     | Noticed Urug
 26879 | D:14     | Noticed Lodul
 26879 | D:14     | Found a gate to the Vaults.
 27119 | D:14     | Found a runed translucent gate.
 27120 | D:14     | Found a runed translucent gate.
 27120 | D:14     | Found a runed translucent gate.
 27120 | D:14     | Noticed MrCrawl's ghost (journeyman MiBe)
 27257 | D:14     | Killed Urug
 27573 | D:14     | Killed Lodul
 28152 | D:15     | Entered Level 15 of the Dungeon
 28152 | D:15     | Noticed Agnes
 28350 | D:15     | Found a bloodstained altar of Trog.
 28450 | D:15     | Killed Agnes
 28643 | D:15     | Reached XP level 16. HP: 141/141 MP: 24/24
 28984 | D:15     | Found a staircase to the Depths.
 29234 | Swamp:1  | Entered Level 1 of the Swamp
 29511 | Swamp:1  | Found a runed translucent gate.
 29511 | Swamp:1  | Found a runed translucent gate.
 29515 | Swamp:1  | Found a runed translucent gate.
 29516 | Swamp:1  | Noticed Dirtsage's ghost (journeyman DsBe)
 29847 | Swamp:2  | Noticed a thorn hunter
 29855 | Swamp:2  | Killed a thorn hunter
 29980 | Swamp:2  | Noticed Kirke
 30124 | Swamp:2  | Killed Kirke
 31057 | Swamp:4  | Entered Level 4 of the Swamp
 31066 | Swamp:4  | Noticed a thorn hunter
 31073 | Swamp:4  | Killed a thorn hunter
 31300 | Swamp:4  | Noticed a thorn hunter
 31344 | Swamp:4  | Killed a thorn hunter
 31779 | Swamp:4  | Reached skill level 15 in Dodging
 31786 | Swamp:4  | Got a decaying rune of Zot
 31933 | Swamp:4  | Identified the +0 robe of the Zebrataur {+Blink rElec
                  | Int+3}
 32203 | Spider:1 | Entered Level 1 of the Spider Nest
 32369 | Spider:1 | Reached XP level 17. HP: 133/154 MP: 25/25
 35204 | Spider:3 | Noticed Nikola
 35234 | Spider:3 | Killed Nikola
 35248 | Spider:3 | Noticed Louise
 35258 | Spider:3 | Killed Louise
 36357 | Spider:3 | Found the +5 moon troll leather armour {Spirit, Regen++
                  | MP+5}
 36572 | Vaults:1 | Entered Level 1 of the Vaults
 36572 | Vaults:1 | Noticed Asterion
 36581 | Vaults:1 | Killed Asterion
 36736 | Vaults:1 | Reached skill level 5 in Evocations
 36935 | Vaults:1 | Reached XP level 18. HP: 130/162 MP: 27/27
 37087 | Vaults:1 | Noticed Aizul
 37110 | Vaults:1 | Killed Aizul
 37803 | Vaults:1 | Identified the ring of the Locust {*Slow rPois rC+ MP+9
                  | Slay+5}
 39330 | Vaults:2 | Found Esyzil's Armour Shoppe.
 40371 | Vaults:2 | Reached XP level 19. HP: 120/169 MP: 29/29
 40375 | Vaults:2 | Reached skill level 10 in Evocations
 40662 | Vaults:2 | Reached skill level 15 in Fighting
 40865 | Vaults:2 | Identified the +0 robe of Sithax {Contam rCorr Str+3}
 41032 | Vaults:2 | Found a staircase to the Crypt.
 42680 | Vaults:3 | Identified the +0 leather armour of Ehimenuyffiy {Int+3}
 44548 | Vaults:4 | Gained mutation: You occasionally lose the ability to drink
                  | potions when taking damage. [a shining eye]
 44650 | Vaults:4 | Lost mutation: You occasionally lose the ability to drink
                  | potions when taking damage. [potion of mutation]
 44650 | Vaults:4 | Gained mutation: You are vulnerable to cold. (rC-) [potion
                  | of mutation]
 44650 | Vaults:4 | Gained mutation: You are covered in fur. (AC +1) [potion of
                  | mutation]
 44650 | Vaults:4 | Gained mutation: You occasionally lose the ability to drink
                  | potions when taking damage. [potion of mutation]
 44650 | Vaults:4 | Gained mutation: Your spells are a little harder to cast,
                  | but a little more powerful. [potion of mutation]
 44651 | Vaults:4 | Lost mutation: You occasionally lose the ability to drink
                  | potions when taking damage. [potion of mutation]
 44651 | Vaults:4 | Lost mutation: You are vulnerable to cold. (rC-) [potion of
                  | mutation]
 44651 | Vaults:4 | Lost mutation: Your spells are a little harder to cast, but
                  | a little more powerful. [potion of mutation]
 44651 | Vaults:4 | Gained mutation: You have large cloven feet. [potion of
                  | mutation]
 44651 | Vaults:4 | Gained mutation: Your spells are a little harder to cast,
                  | but a little more powerful. [potion of mutation]
 44651 | Vaults:4 | Gained mutation: You have hoof-like feet. [potion of
                  | mutation]
 44932 | Vaults:4 | Reached XP level 20. HP: 193/193 MP: 30/30
 45157 | Vaults:4 | Found Osiometo's Antique Armour Shop.
 45165 | Vaults:4 | Bought a glowing cloak for 150 gold pieces
 45165 | Vaults:4 | Bought a pair of runed boots for 150 gold pieces
 45165 | Vaults:4 | Bought a pair of embroidered gloves for 150 gold pieces
 46195 | Depths:1 | Entered Level 1 of the Depths
 47122 | Depths:1 | Identified the +1 bardiche of Noinyat {freeze, rPois}
 47285 | Depths:1 | Found a gateway to Hell.
 49333 | Depths:2 | Found a one-way gate leading to the halls of Pandemonium.
 50219 | Depths:3 | Noticed Norris
 50240 | Depths:3 | Killed Norris
 50241 | Depths:3 | Reached XP level 21. HP: 156/201 MP: 31/31
 50406 | Depths:3 | Paralysed by a vampire knight for 5 turns
 50417 | Depths:3 | Paralysed by a sphinx for 4 turns
 50947 | Depths:3 | Noticed a juggernaut
 51007 | Depths:4 | Entered Level 4 of the Depths
 51563 | Depths:3 | Found a one-way gateway to a ziggurat.
 51918 | Depths:3 | Noticed a golden dragon
 51973 | Depths:3 | Killed a juggernaut
 52094 | Depths:3 | Killed a golden dragon
 52262 | Depths:3 | Identified the +4 arbalest "Caij" {drain, +Blink}
 53989 | Depths:4 | Noticed Zonakeul's ghost (adept HOMo)
 53990 | Depths:4 | Found a runed translucent gate.
 53991 | Depths:4 | Found a runed translucent gate.
 54078 | Depths:4 | Paralysed by a floating eye for 3 turns
 54524 | Depths:4 | Found a portal to a secret trove of treasure.
 55060 | Depths:4 | Found a runed translucent gate.
 55225 | Depths:4 | Found Bulat's Dragon-Slaying Spoils.
 55661 | Depths:4 | Found a gate to the Realm of Zot.
 56039 | Elf:1    | Entered Level 1 of the Elven Halls
 56172 | Elf:1    | Reached XP level 22. HP: 209/209 MP: 32/32
 56478 | Elf:1    | Got Hidwexiof's Elucidation of the Retinue
 56668 | Elf:1    | Found Azithriomu's Weapon Shop.
 56837 | Elf:1    | Found Bocy's Antique Weapon Boutique.
 56837 | Elf:1    | Found Tutaxad's Magic Scroll Shop.
 56843 | Elf:1    | Found Wiosid's Antique Weapon Boutique.
 56852 | Elf:1    | Bought a scroll of acquirement for 728 gold pieces
 56856 | Elf:1    | Acquired 1345 gold pieces
 56902 | Elf:1    | Found Aperiuf's General Store.
 56910 | Elf:1    | Bought the ring of the Tortoise {AC+8} for 2432 gold pieces
 56910 | Elf:1    | Found the ring of the Tortoise {AC+8}
 57186 | Elf:1    | Identified the +1 ring mail "Esousum" {+Inv rPois rF-
                  | Will-}
 57672 | Elf:2    | Found a transporter.
 57674 | Elf:2    | Found Vulyczis's Jewellery Emporium.
 57811 | Elf:2    | Found a huge runed translucent gate.
 57811 | Elf:2    | Found a huge runed translucent gate.
 57811 | Elf:2    | Found a huge runed translucent gate.
 57811 | Elf:2    | Found a huge runed translucent gate.
 57811 | Elf:2    | Found a huge runed translucent gate.
 57865 | Elf:2    | Found a transporter.
 57973 | Elf:2    | Identified the +2 scale mail of Piwanu {rElec}
 58063 | Elf:2    | Bought the ring "Dielieng" {rF+ rN+ Int+2} for 525 gold
                  | pieces
 58213 | Elf:3    | Entered Level 3 of the Elven Halls
 58322 | Elf:3    | Noticed Roxanne
 58343 | Elf:3    | Killed Roxanne
 60406 | Elf:3    | Reached skill level 27 in Ranged Weapons
 60950 | Elf:3    | Identified the +1 ring mail "Nuoch" {Dex+3}
 60970 | Elf:3    | Got the Guidebook on Sculpting and the Gathering
 60982 | Elf:3    | Identified the +3 orcbow "Death Rattle" {freeze, Int+3}
 61257 | Elf:3    | Upgraded the game from 0.31-a0-675-g238779eb0a to
                  | 0.31-a0-691-g409c26aa35
 61521 | Spider:4 | Entered Level 4 of the Spider Nest
 61581 | Spider:4 | Reached skill level 15 in Invocations
 62610 | Spider:4 | Reached XP level 23. HP: 216/216 MP: 33/33
 63344 | Spider:4 | Got a gossamer rune of Zot
 63348 | Spider:4 | Identified the +0 hat of Fipe {rElec rPois Int-2}
 63468 | Spider:4 | Noticed Donald
 63474 | Spider:4 | Killed Donald
 63794 | Crypt:1  | Entered Level 1 of the Crypt
 64022 | Crypt:1  | Noticed Xtahua
 64024 | Crypt:1  | Paralysed by Xtahua for 3 turns
 64038 | Crypt:1  | Killed Xtahua
 64390 | Crypt:1  | Found a basalt altar of Yredelemnul.
 64400 | Crypt:1  | Noticed Vv
 65136 | Crypt:1  | Noticed Boris
 65156 | Crypt:1  | Killed Boris
 65794 | Crypt:2  | Identified the +1 robe of Autumn {Contam rF+ Will++ Dex+3}
 65871 | Crypt:2  | Noticed Sojobo
 65938 | Crypt:2  | Killed Sojobo
 66563 | Crypt:3  | Entered Level 3 of the Crypt
 66733 | Crypt:3  | Noticed Frederick
 66993 | Crypt:3  | Killed Frederick
 67110 | Crypt:3  | Identified the ring of Qazlal's Whim {Ice Str+3}
 67110 | Crypt:3  | Noticed Josephina
 67164 | Crypt:3  | Killed Josephina
 67611 | Crypt:3  | Found a basalt altar of Yredelemnul.
 68456 | Crypt:3  | Got the Discursus on the Transmuted Syncline
 68457 | Crypt:3  | Identified the +1 plate armour "Kaehumn" {Str+2 Int+3}
 68518 | Crypt:3  | Reached XP level 24. HP: 198/226 MP: 35/35
 68933 | Crypt:3  | Found a staircase to the Tomb.
 68933 | Crypt:3  | Noticed Khufu
 69227 | Crypt:3  | Killed Khufu
 70351 | D:2      | Killed Crazy Yiuf
 70416 | D:4      | Killed Takeo's ghost
 70441 | D:4      | Got Lugonu's Quarto of Space
 70559 | D:7      | Killed Tenar's ghost
 70669 | D:9      | Killed inmateoo's ghost
 70801 | D:14     | Killed MrCrawl's ghost
 70956 | Swamp:1  | Killed Dirtsage's ghost
 71212 | Vaults:5 | Entered Level 5 of the Vaults
 71778 | Vaults:5 | Corrupted Vaults:5
 72008 | Vaults:5 | Noticed a dread lich
 72011 | Vaults:5 | Paralysed by a dread lich for 3 turns
 72176 | Vaults:5 | Noticed an ancient lich
 72186 | Vaults:5 | Killed an ancient lich
 72450 | Vaults:5 | Killed a dread lich
 72759 | Vaults:5 | Identified the ring "Qinikel" {+Blink rF+}
 72958 | Vaults:5 | Got a silver rune of Zot
 73724 | Zot:1    | Entered Level 1 of the Realm of Zot
 73869 | Depths:3 | Voluntarily entered the Abyss.
 74241 | Abyss:3  | Got an abyssal rune of Zot
 74291 | Abyss:3  | Gained mutation: You sometimes lose your temper in combat.
                  | [a neqoxec]
 74304 | Abyss:3  | Reached XP level 25. HP: 245/245 MP: 35/35
 74375 | Depths:3 | Escaped the Abyss
 74696 | Zot:1    | Found a transporter.
 74703 | Zot:1    | Found a transporter.
 74708 | Zot:1    | Found a transporter.
 75269 | Zot:1    | Found a transporter.
 75484 | Zot:2    | Noticed an orb of fire
 75485 | Zot:2    | Gained mutation: You have hidden genetic defects. [an orb
                  | of fire]
 75613 | Zot:2    | Gained mutation: You are weak. (Str -2) [an orb of fire]
 75618 | Zot:1    | Killed an orb of fire
 76297 | Zot:2    | Noticed an orb of fire
 76310 | Zot:2    | Gained mutation: You occasionally lose the ability to read
                  | scrolls when taking damage. [an orb of fire]
 76318 | Zot:2    | Killed an orb of fire
 76385 | Zot:2    | Gained mutation: You occasionally lose the ability to drink
                  | potions when taking damage. [hidden defects]
 76480 | Zot:2    | Lost mutation: You are covered in fur. (AC +1) [potion of
                  | mutation]
 76480 | Zot:2    | Lost mutation: You are weak. (Str -2) [potion of mutation]
 76480 | Zot:2    | Lost mutation: Your spells are a little harder to cast, but
                  | a little more powerful. [potion of mutation]
 76480 | Zot:2    | Gained mutation: You sometimes lose the ability to drink
                  | potions when taking damage. [potion of mutation]
 76480 | Zot:2    | Gained mutation: You passively dampen the noise of your
                  | surroundings. [potion of mutation]
 76480 | Zot:2    | Gained mutation: Your muscles are strong. (Str +4, Int/Dex
                  | -1) [potion of mutation]
 76481 | Zot:2    | Lost mutation: You sometimes lose your temper in combat.
                  | [potion of mutation]
 76481 | Zot:2    | Lost mutation: You passively dampen the noise of your
                  | surroundings. [potion of mutation]
 76482 | Zot:2    | Lost mutation: You have hoof-like feet. [potion of
                  | mutation]
 76482 | Zot:2    | Lost mutation: Your muscles are strong. (Str +4, Int/Dex
                  | -1) [potion of mutation]
 76482 | Zot:2    | Gained mutation: Your magical capacity is low. (-10% MP)
                  | [potion of mutation]
 76482 | Zot:2    | Lost mutation: You have hidden genetic defects. [potion of
                  | mutation]
 76483 | Zot:2    | Lost mutation: You occasionally lose the ability to read
                  | scrolls when taking damage. [potion of mutation]
 76483 | Zot:2    | Lost mutation: Your magical capacity is low. (-10% MP)
                  | [potion of mutation]
 76483 | Zot:2    | Gained mutation: You occasionally lose the ability to read
                  | scrolls when taking damage. [potion of mutation]
 76483 | Zot:2    | Gained mutation: You are clumsy. (Dex -2) [potion of
                  | mutation]
 76483 | Zot:2    | Gained mutation: You sometimes lose your temper in combat.
                  | [potion of mutation]
 76483 | Zot:2    | Gained mutation: You have a pair of large horns on your
                  | head. [potion of mutation]
 76484 | Zot:2    | Lost mutation: You sometimes lose your temper in combat.
                  | [potion of mutation]
 76484 | Zot:2    | Lost mutation: You sometimes lose the ability to drink
                  | potions when taking damage. [potion of mutation]
 76484 | Zot:2    | Gained mutation: You have hidden genetic defects. [potion
                  | of mutation]
 76484 | Zot:2    | Gained mutation: You possess an exceptional clarity of
                  | mind. [potion of mutation]
 76485 | Zot:2    | Lost mutation: You have a pair of large horns on your head.
                  | [potion of mutation]
 76485 | Zot:2    | Lost mutation: You possess an exceptional clarity of mind.
                  | [potion of mutation]
 76485 | Zot:2    | Lost mutation: You have large cloven feet. [potion of
                  | mutation]
 76485 | Zot:2    | Lost mutation: You occasionally lose the ability to read
                  | scrolls when taking damage. [potion of mutation]
 76485 | Zot:2    | Gained mutation: You have a pair of large horns on your
                  | head. [potion of mutation]
 76727 | Zot:2    | Found a runed translucent gate.
 76728 | Zot:2    | Found a runed translucent gate.
 76728 | Zot:2    | Found an ancient bone altar of Kikubaaqudgha.
 76729 | Zot:2    | Found a runed translucent gate.
 76741 | Zot:2    | Noticed a dread lich
 76741 | Zot:2    | Noticed an ancient lich
 76741 | Zot:2    | Noticed Jiorhin's ghost (legendary TrBe)
 76741 | Zot:2    | Noticed a dread lich
 76741 | Zot:2    | Noticed an ancient lich
 77197 | Zot:3    | Lost mutation: You have hidden genetic defects. [potion of
                  | mutation]
 77197 | Zot:3    | Lost mutation: You are clumsy. (Dex -2) [potion of
                  | mutation]
 77197 | Zot:3    | Gained mutation: Your body sometimes deteriorates upon
                  | taking damage. [potion of mutation]
 77197 | Zot:3    | Gained mutation: Your body often deteriorates upon taking
                  | damage. [potion of mutation]
 77197 | Zot:3    | Gained mutation: You are partially covered in iridescent
                  | scales. (AC +2) [potion of mutation]
 77341 | Zot:3    | Found a transporter.
 77476 | Zot:3    | Found a transporter.
 77528 | Zot:3    | Found a transporter.
 77668 | Zot:3    | Found a transporter.
 78495 | Zot:3    | Reached XP level 26. HP: 262/264 MP: 35/35
 78572 | Zot:4    | Found a transporter.
 78575 | Zot:4    | Noticed a dread lich
 78576 | Zot:4    | Noticed an orb of fire
 78886 | Zot:4    | Found a transporter.
 78887 | Zot:4    | Noticed a dread lich
 78938 | Zot:4    | Found a shimmering blue altar of Sif Muna.
 79359 | Zot:5    | Entered Level 5 of the Realm of Zot
 80097 | Zot:5    | Reached skill level 27 in Fighting
 80112 | Zot:5    | Corrupted Zot:5
 80123 | Zot:5    | Noticed an orb of fire
 80125 | Zot:5    | Gained mutation: Your magical capacity is low. (-10% MP)
                  | [an orb of fire]
 80133 | Zot:5    | Got the Orb of Zot
 80140 | Zot:5    | Noticed an orb of fire
 80140 | Zot:5    | Noticed a dread lich
 80154 | Zot:5    | Killed an ancient lich
 80329 | Zot:1    | Reached skill level 27 in Dodging
 80338 | Depths:4 | Noticed Izxeag the pandemonium lord
 80355 | Depths:4 | Killed Izxeag the pandemonium lord
 80456 | Depths:4 | Noticed a seraph
 80618 | Depths:3 | Noticed Jaaruupann the pandemonium lord
 81029 | D:$      | Escaped with the Orb!

Illustrated notes

Levels and vault maps discovered:
D:1:      lightli_arrival_quake, layout_basic
D:2:      layout_loops_ring, dilly_guarded_unrand_morg, uniq_crazy_yiuf_cottage
D:3:      layout_basic, kennysheep_generic_room_16, uniq_ijyb
D:4:      layout_gridville, gammafunk_ghost_abyssal_escape, uniq_grinder,
          uniq_pikel
D:5:      layout_cave_pools, elyvilon_altar_3, chequers_serial_rivers_large_a,
          minmay_misc_feat_rows
D:6:      layout_basic, lemuel_doored_altar, temple_hall, uniq_duvessa
D:7:      layout_loops_cross, nicolae_ru_awakened_eye,
          nicolae_yredelemnul_ghost_church, lightli_temple_of_fire,
          enter_bailey_2
D:8:      layout_basic, pdpol_wu_jian_five_deadly_venoms
D:9:      layout_irregular_city, dancing_weapons_uskayaw,
          mainiacjoe_overflow_chevrons, ebering_ghost_reflecting_pool,
          nicolae_looking_at_the_future
D:10:     layout_basic, nicolae_sif_muna_little_library, lemuel_round_altar,
          nicolae_titane
D:11:     layout_rooms, erik_lair_island, david_orc_1_choice, serial_curves,
          eino_curves_03, eino_curves_02, eino_curves_03, uniq_erolcha
D:12:     layout_long_grid, roderic_batcave, minmay_alternating_orb
D:13:     layout_long_grid
D:14:     layout_loops_corners, david_vaults_3, gammafunk_ghost_hydra_chop,
          minivault_4, hangedman_abyss_or_decor_stagger
D:15:     grunt_enter_depths_magical_seal, layout_irregular_city, bloody_trog,
          uniq_agnes
Temple:   pdpol_scorched_temple
Lair:1:   layout_cave_pods, infiniplex_staircase_pool, uniq_sonja
Lair:2:   layout_cellular_growth, portal_ice_cave_rime, forest_entry_grove,
          lemuel_fruit_fields, uniq_amaemon, uniq_maggie
Lair:3:   layout_small_grid, skrybe_swamp_entry_bodies, spider_nest_entry_rubble
Lair:4:   layout_regular_city, dreamdust_mushroom_princess,
          bobbens_ice_dragon_lair
Lair:5:   gammafunk_lair_ancient_temple, layout_long_grid,
          minmay_slime_entry_jelly_boxes
Swamp:1:  layout_basic_swamp, ebering_ghost_rock_garden,
          evilmike_swamp_ruin_house_3, nicolae_swamp_round_clearing
Swamp:2:  layout_basic_swamp, evilmike_swamp_ruin_house_4, uniq_kirke
Swamp:3:  layout_basic_swamp, evilmike_swamp_ruin_house_2, swamp_pool3
Swamp:4:  swamp_alternative, layout_basic_swamp
Spider:1: layout_spider_delve, nicolae_spider_nook
Spider:2: layout_spider_delve
Spider:3: layout_spider_delve, worms_lemuel, hangedman_spider_tarantella_strand,
          uniq_louise, uniq_nikola
Spider:4: grunt_spider_rune_circles, uniq_donald
Orc:1:    layout_caves, uniq_jorgrun
Orc:2:    grunt_orc_community_town_hall, layout_caves,
          grunt_orc_community_big_house_1, grunt_orc_community_big_house_2,
          grunt_orc_community_house_1, grunt_orc_community_house_1,
          grunt_orc_community_house_3, grunt_orc_community_house_1,
          grunt_orc_community_house_3
Elf:1:    minmay_elf_arrival_plus, layout_geoelf_grid, serial_shops,
          nicolae_shop_just_a_little_nook, minmay_elf_demonology,
          minmay_shoptagon
Elf:2:    elven_hall_of_blades_hangedman_alternative
          [mumra_blade_entry_bloodbath], layout_gridlike, serial_shops,
          nicolae_shop_drivethru
Elf:3:    minmay_elf_hall_statues, layout_geoelf_castle, uniq_roxanne
Vaults:1: vaults_dpeg_cross, vaults_room_hallway, grunt_vaults_bifocal,
          nicolae_vaults_tetromino_Z_2, v_pattern_4, v_misc_3,
          nicolae_vaults_oval_intersection, v_misc_8,
          nicolae_vaults_surprise_closet, nicolae_vaults_diagonal_hallway_6,
          hangedman_vaults_capsules, v_misc_9, nicolae_vaults_closet_pinwheel_4,
          nicolae_vaults_diffraction_hallways, nicolae_vaults_tetromino_L_2,
          ontoclasm_vaults_ligature, layout_vaults_omnibox, uniq_asterion,
          uniq_aizul
Vaults:2: nicolae_vaults_house_2, nicolae_vaults_network_barrier,
          minmay_crypt_entry_simple_round, nicolae_vaults_shock_wave,
          nicolae_vaults_taking_the_gang_shopping, dpeg_vaults_monster_box,
          nicolae_vaults_diamond_1, vaults_mumra_hexcomb, layout_vaults_omnigrid
Vaults:3: v_misc_18, ontoclasm_vaults_ring_square,
          hangedman_vaults_corner_blocks, nicolae_vaults_frosty_reception,
          nicolae_vaults_trapezoid_lopsided_2, nicolae_vaults_little_ls,
          hangedman_vaults_hat, nicolae_vaults_two_Ls,
          nicolae_vaults_tetromino_L_2, nicolae_vaults_double_plus_3,
          nicolae_vaults_murder_corner, nicolae_vaults_stepped_doors,
          layout_vaults_maze
Vaults:4: vaults_dpeg_diagonal, st_hourglassy, ontoclasm_vaults_claustrophobia,
          v_rooms_1, nicolae_vaults_disjoint_gnomons, v_misc_28, v_misc_26,
          nicolae_vaults_trapezoid_3, nicolae_vaults_tetromino_L_2,
          layout_vaults_omnicross, serial_shops, shop
Vaults:5: serial_shops
Crypt:1:  layout_chaotic_city, basic_altar, uniq_boris, uniq_xtahua, uniq_vv
Crypt:2:  layout_chaotic_city, minmay_strange_pillars,
          roderic_lattice_octagonal_star, uniq_sojobo
Crypt:3:  grunt_crypt_end_deaths_head, uniq_frederick, uniq_josephina
Depths:1: minmay_ornate_pinched, layout_gridville, grunt_hell_entry_dis_old,
          nrook_mini_vaults, dispersion_dpeg
Depths:2: minmay_blocking_statues, layout_gridlike, pan_entry, hell_entry,
          nicolae_abyss_entry_one_way_or_another, nicolae_triple_integral
Depths:3: nicolae_legendary_halls, layout_basic, enter_ziggurat_a, abyss_entry,
          hell_entry, minmay_misc_feat_secret_circle, uniq_norris
Depths:4: evilmike_zot_entry_hall, layout_gridlike,
          nicolae_trove_entry_path_of_doom, hangedman_coc_ice_floe,
          gammafunk_ghost_split, minmay_fountain_box, nicolae_shop_dragon_depot,
          minmay_misc_feat_enclosed
Zot:1:    layout_gridville, hangedman_zot_decor_tridents,
          nicolae_transporter_circle
Zot:2:    grunt_deathspiral_small, layout_cathedral_of_symmetry,
          gammafunk_ghost_crypt
Zot:3:    kennysheep_blocky_hall, layout_gridlike,
          nicolae_transporter_intersection
Zot:4:    gammafunk_sealed_library, layout_twisted_circle
Zot:5:    layout_onion

Skill      XL: |  1  2  3  4  5  6  7  8  9 10 11 12 13 14 15 16 17 18 19 20 21 22 23 24 25 26 |
---------------+-------------------------------------------------------------------------------+-----
Ranged Weapons | 5 6 7 8 10 11 13 15 16 17 18 20 21 24 27 | 27.0
Armour         | 2 3 9 10 14 16 18 21 | 21.6
Fighting       | 5 8 9 11 12 14 20 21 24 26 27 | 27.0
Dodging        | 4 6 8 10 11 12 15 16 17 19 20 22 24 26 27 | 27.0
Evocations     | 4 5 9 10 | 10.1
Stealth        | 2 3 |  3.7
Invocations    | 6 10 11 12 14 15 18 | 18.6

Action                     |  1- 3 |  4- 6 |  7- 9 | 10-12 | 13-15 | 16-18 | 19-21 | 22-24 | 25-27 || total
---------------------------+-------+-------+-------+-------+-------+-------+-------+-------+-------++-------
  Melee: Whip              |     2 |       |       |       |       |       |       |       |       ||     2
         Headbutt          |     1 |       |       |       |       |       |       |       |       ||     1
         Orcbow            |       |       |       |       |       |       |       |     1 |       ||     1
   Fire: Shortbow          |   128 |   247 |   417 |   154 |       |       |       |       |       ||   946
         Orcbow            |       |       |       |   882 |  1939 |  1706 |  1841 |  2451 |  1267 || 10086
         Arbalest          |       |       |       |       |       |       |   112 |       |       ||   112
         Hand cannon       |       |       |       |       |       |       |       |    11 |       ||    11
  Throw: Dart              |       |       |       |       |       |     1 |       |       |       ||     1
 Invoke: Depart the Abyss  |       |       |       |     1 |       |       |       |       |     1 ||     2
         Banish            |       |       |       |       |       |       |     2 |     1 |       ||     3
         Corrupt           |       |       |       |       |       |       |       |     1 |     1 ||     2
  Evoke: Wand              |       |     4 |    28 |    22 |    27 |     5 |     2 |     5 |     2 ||    95
         Lightning rod     |       |       |       |     4 |     2 |     4 |     4 |       |     4 ||    18
         Box of beasts     |       |       |       |       |       |     1 |       |     1 |       ||     2
    Use: Scroll            |       |     2 |     5 |    24 |     5 |     7 |    10 |    13 |     8 ||    74
         Potion            |       |       |     1 |     6 |     1 |     7 |     6 |     8 |    12 ||    41
 Armour: Leather armour    |    14 |       |       |       |       |       |       |       |       ||    14
         Plate armour      |    54 |    15 |       |       |       |       |       |       |       ||    69
         Ring mail         |       |    66 |    28 |       |       |       |       |       |       ||    94
         Scale mail        |       |       |    88 |       |       |       |       |       |       ||    88
         Chain mail        |       |       |       |   496 |   699 |   726 |   874 |   547 |       ||  3342
         Troll leather arm |       |       |       |       |       |       |       |   233 |   334 ||   567
  Dodge: Dodged            |    24 |    58 |    76 |   381 |   628 |   882 |   860 |  1348 |   726 ||  4983
  Block: Other             |       |     6 |    33 |   131 |   162 |   192 |   217 |   288 |    92 ||  1121
         Reflection        |       |       |       |     4 |    10 |     7 |    17 |    16 |     2 ||    56

Table legend: (Time is in decaauts)
 A = Elapsed time spent in this place.
 B = Non-inter-level travel time spent in this place.
 C = Inter-level travel time spent in this place.
 D = Time resting spent in this place.
 E = Time spent auto-exploring this place.
 F = Levels seen in this place.
 G = Mean time per level.
                   A        B        C        D        E       F      G
               +--------+--------+--------+--------+--------+-----+--------+
         Total |  80097 |  74852 |   5245 |  24504 |  32151 |  56 | 1430.3 |
       Dungeon |  17823 |  15700 |   2123 |   3204 |   8690 |  15 | 1188.2 |
        Temple |     55 |     55 |      0 |      0 |      0 |   1 |   55.0 |
          Lair |   9201 |   8743 |    458 |   2888 |   3964 |   5 | 1840.2 |
         Swamp |   3139 |   2928 |    211 |    475 |   1864 |   4 |  784.8 |
   Spider Nest |   5858 |   5573 |    285 |   2202 |   2268 |   4 | 1464.5 |
  Orcish Mines |   2220 |   2111 |    109 |    555 |   1017 |   2 | 1110.0 |
   Elven Halls |   5099 |   4868 |    231 |   1867 |   2029 |   3 | 1699.7 |
        Vaults |  12000 |  11303 |    697 |   3720 |   4714 |   5 | 2400.0 |
         Crypt |   6102 |   5915 |    187 |   3046 |   1222 |   3 | 2034.0 |
        Depths |  10251 |   9679 |    572 |   4366 |   3449 |   4 | 2562.8 |
           Zot |   5560 |   5192 |    368 |    920 |   2932 |   5 | 1112.0 |
         Abyss |    676 |    676 |      0 |      6 |      0 |   3 |  225.3 |
        Bailey |    927 |    927 |      0 |    457 |      0 |   1 |  927.0 |
      Ice Cave |   1177 |   1177 |      0 |    793 |      0 |   1 | 1177.0 |
               +--------+--------+--------+--------+--------+-----+--------+

Top non-repeatable levels by time:
Depths:4: 3914 daAuts
Vaults:2: 3126 daAuts
 Crypt:3: 3101 daAuts
   Elf:3: 3038 daAuts
  Lair:5: 2894 daAuts
Vaults:1: 2781 daAuts
Depths:3: 2428 daAuts
Depths:2: 2299 daAuts
Vaults:3: 2168 daAuts
Vaults:4: 2136 daAuts
    D:11: 1988 daAuts
Spider:4: 1949 daAuts
Vaults:5: 1788 daAuts
  Lair:3: 1780 daAuts
  Lair:2: 1730 daAuts
